 Dungeon Crawl Stone Soup version 0.30-a0-913-g9934a0ce24 (webtiles) character file.

Game seed: 7715493767303033512

86 Pimp the Sneak (level 4, -3/30 HPs)
             Began as a Vampire Enchanter on Mar 19, 2023.
             Slain by a gnoll
             ... wielding a +0 halberd
              (5 damage)
             ... on level 3 of the Dungeon.
             The game lasted 00:03:08 (1850 turns).

Pimp the Sneak (Vampire Enchanter)                  Turns: 1850, Time: 00:03:09

Health: -3/30      AC:  8    Str:  7    XL:     4   Next: 26%
Magic:  7/7        EV:  2    Int: 17    God:
Gold:   101        SH:  0    Dex: 16    Spells: 7/7 levels left

rFire   . . .      SeeInvis +    n - +0 dagger (elec)
rCold   . . .      Faith    .    (no shield)
rNeg    . . .      Spirit   .    e - +0 chain mail
rPois   .          Reflect  .    (no helmet)
rElec   .          Rampage  .    (no cloak)
rCorr   .                        (no gloves)
Will    .....                    (no boots) Stlth
                                 (no amulet)
HPRegen 0.45/turn                (no ring)
MPRegen 0.10/turn                (no ring)

@: brilliant, weak-willed, attractive, flying, healing quickly, invisible
A: alive, fangs 3, see invisible, vampiric 2
a: Exsanguinate


You were on level 3 of the Dungeon.
You visited 1 branch of the dungeon, and saw 3 of its levels.

You collected 101 gold pieces.

Inventory:

Hand Weapons
 a - a +1 dagger
 h - a +0 short sword of protection
 n - a +0 dagger of electrocution (weapon)
Armour
 b - a +0 robe
 e - a +0 chain mail (worn)
Magical Staves
 g - a staff of air
Jewellery
 l - a +4 ring of protection
Scrolls
 d - 3 scrolls of identify
Potions
 c - a potion of invisibility
 i - 3 potions of degeneration
 k - a potion of flight
 o - a potion of berserk rage {unknown}
 q - a potion of magic {unknown}


   Skills:
 + Level 2.0 Short Blades
 * Level 3.1 Dodging
 * Level 5.6 Stealth
 + Level 2.4 Spellcasting
 + Level 4.9 Hexes


You had 7 spell levels left.
You didn't know any spells.
Your spell library contained the following spells:

 Spells                   Type           Power      Damage    Failure   Level
 Blink                    Tloc           6%         N/A       100%        2
 Ensorcelled Hibernation  Hex/Ice        30%        N/A       100%        2
 Lesser Beckoning         Tloc           6%         N/A       100%        2
 Momentum Strike          Conj/Tloc      6%         3d8       100%        2
 Confusing Touch          Hex            28%        N/A       100%        3
 Dazzling Flash           Conj/Hex       30%        N/A       100%        3
 Tukima's Dance           Hex            28%        N/A       100%        3


Dungeon Overview and Level Annotations

Branches:
Dungeon (3/15)

Altars:
Fedhas
Ru
Uskayaw


Innate Abilities, Weirdness & Mutations

Your natural rate of healing is accelerated.
You have razor-sharp teeth.
You have supernaturally acute eyesight. (SInv)
You are afflicted with vampirism and can become a bat while bloodless.


Message History

You hit the gnoll but do no damage. Your bite misses the gnoll.
The gnoll is lightly wounded.
The gnoll hits you but does no damage.
You closely miss the gnoll. You bite the gnoll.
The gnoll is heavily wounded.
The gnoll hits you but does no damage.
You barely miss the gnoll.
The gnoll is heavily wounded.
The gnoll hits you with a +0 flail.
* * * LOW HITPOINT WARNING * * *
You closely miss the gnoll.
The gnoll is heavily wounded.
The gnoll hits you but does no damage. The gnoll hits you with a +0 flail.
* * * LOW HITPOINT WARNING * * *
It was a potion of flight.
You feel very buoyant.
You fly up into the air.
The gnoll hits you from afar with a +0 halberd.
* * * LOW HITPOINT WARNING * * *
The gnoll hits you but does no damage.
It was a potion of curing.
You feel better.
The gnoll hits you from afar with a +0 halberd.
* * * LOW HITPOINT WARNING * * *
The gnoll hits you but does no damage.
You hit the gnoll.
The gnoll is heavily wounded.
You strike the helpless gnoll from behind!
You puncture the gnoll!
You kill the gnoll!
Your Short Blades skill increases to level 2!
You barely miss the gnoll. The gnoll hits you with a +0 halberd.
* * * LOW HITPOINT WARNING * * *
It was a potion of attraction.
You feel attractive to monsters. The gnoll hits you with a +0 halberd.
* * * LOW HITPOINT WARNING * * *
It was a potion of brilliance.
You feel clever all of a sudden. The gnoll hits you with a +0 halberd.
You die...

##..PP.....P....##~
#...PPg.P.......##~
#...PPg.P._......~~
#.......P.....~~###
#.......g......##~~
#..##########..~~~~
##.# ).+~.. #g#
+... #@### +~~~
#...# #~~~ ###..#
~#~~ #.# ### .# .
#. .. ..


You could see a gnoll (unable to see you, weak-willed).

Vanquished Creatures
  3 gnolls (D:3)
  3 adders
  A worm (D:2)
  5 endoplasms
  A giant cockroach (D:2)
  3 goblins
  2 hobgoblins (D:3)
  3 kobolds
  A ball python (D:2)
  2 frilled lizards (D:2)
  5 rats
  A spectral kobold (D:3)
30 creatures vanquished.

Vanquished Creatures (others)
  5 fungi (D:3)
  A plant (D:1)
6 creatures vanquished.

Grand Total: 36 creatures vanquished

Notes
Turn   | Place    | Note
-------+----------+-------------------------------------------
     0 | D:1      | Pimp the Vampire Enchanter began the quest for the Orb.
     0 | D:1      | Reached XP level 1. HP: 13/13 MP: 3/3
   297 | D:1      | Reached XP level 2. HP: 17/19 MP: 5/5
  1097 | D:2      | Reached skill level 5 in Stealth
  1097 | D:2      | Gained mutation: You are afflicted with vampirism and can
                  | become a bat while bloodless. [Vampire growth]
  1097 | D:2      | Reached XP level 3. HP: 11/24 MP: 6/6
  1138 | D:2      | Found a hide-covered altar of Uskayaw.
  1167 | D:2      | HP: 1/24 [kobold/+0 dagger of electrocution (20)]
  1682 | D:3      | Found a faded altar of an unknown god.
  1712 | D:3      | Found a sacrificial altar of Ru.
  1808 | D:3      | Found a blossoming altar of Fedhas.
  1839 | D:3      | Reached XP level 4. HP: 11/30 MP: 7/7
  1850 | D:3      | Slain by a gnoll

Illustrated notes

Levels and vault maps discovered:
D:1:      dpeg_arrival_rooms_c, layout_loops_ring, serial_forest,
          infiniplex_forest_straight_2, infiniplex_forest_end_2,
          infiniplex_forest_lined_2, infiniplex_forest_end_2,
          infiniplex_forest_clump_C
D:2:      layout_basic, basic_altar, minmay_between
D:3:      layout_basic, hangedman_ru_absence, mainiacjoe_overflow_chevrons,
          okawaru_gym_becter, dreamdust_ecumenical_altar_drowned_temple,
          portal_sewer_entry_e

Skill      XL: |  1  2  3  4 |
---------------+-------------+-----
Stealth        | 5 |  5.6
Dodging        | 3 |  3.1
Short Blades   | 2 |  2.0
Spellcasting   | |  2.4
Hexes          | |  4.9

Action                     |  1- 3 |  4- 6 || total
---------------------------+-------+-------++-------
  Melee: Dagger            |    67 |     8 ||    75
         Short sword       |    68 |       ||    68
         Bite              |    15 |     1 ||    16
         Punch             |     2 |       ||     2
    Use: Scroll            |     5 |       ||     5
         Potion            |     1 |     4 ||     5
   Stab: Sleeping          |     2 |       ||     2
         Invisible         |     1 |     1 ||     2
 Armour: Chain mail        |    82 |     5 ||    87
  Dodge: Dodged            |    10 |     1 ||    11

Table legend: (Time is in decaauts)
 A = Elapsed time spent in this place.
 B = Non-inter-level travel time spent in this place.
 C = Inter-level travel time spent in this place.
 D = Time resting spent in this place.
 E = Time spent auto-exploring this place.
 F = Levels seen in this place.
 G = Mean time per level.
                   A        B        C        D        E       F      G
               +--------+--------+--------+--------+--------+-----+--------+
         Total |   1840 |   1754 |     86 |    120 |   1300 |   3 |  613.3 |
       Dungeon |   1840 |   1754 |     86 |    120 |   1300 |   3 |  613.3 |
               +--------+--------+--------+--------+--------+-----+--------+

Top non-repeatable levels by time:
     D:1: 897 daAuts
     D:2: 776 daAuts
     D:3: 166 daAuts
